 Dungeon Crawl Stone Soup version 0.27-a0-1140-g099f9bb0e8 (webtiles) character file.

Game seed: 17634306933172637556

611 Anon1729 the Chopper (level 7, 0/52 HPs)
             Began as a Demonspawn Berserker on May 8, 2021.
             Was a Priest of Trog.
             Killed from afar by a white imp (8 damage)
             ... with a puff of frost
             ... summoned by Eustachio
             ... on level 6 of the Dungeon.
             The game lasted 00:04:42 (6814 turns).

Anon1729 the Chopper (Demonspawn Berserker)         Turns: 6814, Time: 00:04:42

Health: 0/52       AC:  3    Str: 20    XL:     7   Next: 20%
Magic:  7/7        EV: 12    Int:  8    God:    Trog [***...]
Gold:   192        SH:  0    Dex: 12    Spells: 6/6 levels left

rFire    . . .     SeeInvis .   f - +0 war axe
rCold    . . .     Faith    .   (no shield)
rNeg     . . .     Spirit   .   b - +0 animal skin
rPois    .         Reflect  .   z - +0 helmet
rElec    .         Harm     .   (no cloak)
rCorr    .         Rampage  .   (no gloves)
Will     .....                  (no boots)
Stlth    +.........             (no amulet)
HPRegen  0.17/turn              (no ring)
MPRegen  0.10/turn              (no ring)

@: no status effects
A: hooves 1, demonic guardian 1, powered by pain 2
a: Renounce Religion, Berserk, Trog's Hand


You were on level 6 of the Dungeon.
You worshipped Trog.
Trog was most pleased with you.
You visited 1 branch of the dungeon, and saw 6 of its levels.

You collected 192 gold pieces.

Inventory:

Hand Weapons
 a - a +0 hand axe
 f - a +0 war axe (weapon)
 A - the +8 trident "Keczit" {flame, Int+7}
   (You found it on level 5 of the Dungeon)

   It has been specially enchanted to burn those struck by it, causing extra
   injury to most foes and up to half again as much damage against particularly
   susceptible opponents.
   It affects your intelligence (+7).
Missiles
 y - a throwing net
Armour
 b - a +0 animal skin (worn)
 z - a +0 helmet (worn)
Jewellery
 m - a ring of flight
 s - a +6 ring of dexterity
Wands
 i - a wand of iceblast (8)
 l - a wand of flame (15)
 x - a wand of acid (13)
Scrolls
 c - a scroll of summoning {unknown}
 d - 4 scrolls of teleportation {unknown}
 e - a scroll of acquirement {unknown}
 g - a scroll of fog {unknown}
 h - 4 scrolls of identify {unknown}
 o - a scroll of fear {unknown}
 t - 2 scrolls of magic mapping {unknown}
 w - a scroll of enchant weapon {unknown}
Potions
 j - 4 potions of curing {unknown}
 k - a potion of mutation {unknown}
 n - 2 potions of heal wounds {unknown}
 p - 2 potions of cancellation {unknown}
 q - a potion of might {unknown}
 r - 2 potions of haste {unknown}
 u - a potion of brilliance {unknown}
 v - 2 potions of invisibility {unknown}


   Skills:
 - Level 3.4 Fighting
 + Level 7.1 Axes
 - Level 2.3 Armour
 - Level 2.3 Dodging


You had 6 spell levels left.
You didn't know any spells.
Your spell library was empty.

Dungeon Overview and Level Annotations

Branches:
Dungeon (6/15)             Temple (0/1) D:4

Altars:
Kikubaaqudgha
Qazlal

Shops:
D:4 =

Annotations:
D:6 Eustachio


Innate Abilities, Weirdness & Mutations

You have large cloven feet.
A weak demonic guardian rushes to your aid.
You sometimes gain power by taking damage.


Message History

You climb downwards.
An ogre comes into view. It is wielding a +0 giant club.
There is a stone staircase leading up here.
An ogre is nearby!
An ogre is nearby!
The ogre shouts!
Found a stone staircase leading down.
You slash the ogre! You kick the ogre.
The ogre is heavily wounded.
The ogre hits you with a +0 giant club!
You barely miss the ogre.
The ogre is heavily wounded.
Eustachio the Magnificent comes into view.
He is wielding a +0 rapier.
The ogre barely misses you.
You completely miss the ogre.
Eustachio shouts!
Your kick misses the ogre.
The ogre is heavily wounded.
Eustachio gestures wildly while chanting.
You slash the ogre! Your kick misses the ogre.
The ogre is almost dead.
The ogre hits you with a +0 giant club!!
* * * LOW HITPOINT WARNING * * *
A demonic guardian appears!
Eustachio gestures wildly while chanting.
You are too injured to fight recklessly!
You are too injured to fight recklessly!
You are too injured to fight recklessly!
You are too injured to fight recklessly!
You are too injured to fight recklessly!
You swap places.
The ogre hits your quasit with a +0 giant club!!
Your quasit dies!
The white imp gestures at you. The puff of frost hits you!
* * * LOW HITPOINT WARNING * * *
A demonic guardian appears!
The white imp gestures at you. The puff of frost hits you!
You die...

.. ... ......#
..##.. 5.....#
...#.. ......#
#.....###@.....#
..>....5.....#
#.......5....#.
#..O.......
#........#.
#@.5.....#
#.........#
.........##
#...........
........#...
#..###..###.#
... ... ....
....


You could see Eustachio, an ogre (ally target), a crimson imp (summoned), 2
white imps and a friendly quasit (summoned).

Vanquished Creatures
  An ogre (D:4)
  A phantom (D:4)
  A water moccasin zombie (D:5)
  2 hounds (D:5)
  A centaur skeleton (D:5)
  Jessica (D:3)
  3 iguanas
  An orc wizard (D:5)
  8 adders
  An ufetubus (D:5)
  3 worms
  A dart slug (D:4)
  3 orcs
  8 endoplasms
  3 giant cockroaches
  7 goblins
  10 hobgoblins
  9 jackals
  3 quokkas
  12 ball pythons
  6 bats
  3 frilled lizards
  5 kobolds
  3 rats
96 creatures vanquished.

Vanquished Creatures (collateral kills)
  A killer bee zombie (D:5)
  An ufetubus (D:5)
  2 jackals (D:3)
  A quokka (D:4)
5 creatures vanquished.

Grand Total: 101 creatures vanquished

Notes
Turn   | Place    | Note
-------+----------+-------------------------------------------
     0 | D:1      | Anon1729 the Demonspawn Berserker began the quest for the
                  | Orb.
     0 | D:1      | Reached XP level 1. HP: 18/18 MP: 1/1
   393 | D:1      | Gained mutation: You sometimes gain a little power by
                  | taking damage. [demonic ancestry]
   393 | D:1      | Reached XP level 2. HP: 24/24 MP: 2/2
   727 | D:1      | Reached skill level 3 in Axes
   788 | D:1      | Reached XP level 3. HP: 29/29 MP: 3/3
   836 | D:1      | Reached ** piety under Trog
  2134 | D:2      | Gained mutation: A weak demonic guardian rushes to your
                  | aid. [demonic ancestry]
  2134 | D:2      | Reached XP level 4. HP: 35/35 MP: 4/4
  2718 | D:3      | Noticed Jessica
  2737 | D:3      | Killed Jessica
  2738 | D:3      | Reached skill level 4 in Axes
  3636 | D:3      | Reached XP level 5. HP: 39/41 MP: 5/5
  3775 | D:3      | Found a faded altar of an unknown god.
  3794 | D:4      | Noticed a phantom
  3805 | D:4      | Killed a phantom
  3806 | D:4      | Reached skill level 5 in Axes
  3857 | D:4      | Noticed an ogre
  3866 | D:4      | Killed an ogre
  3867 | D:4      | Gained mutation: You have large cloven feet. [demonic
                  | ancestry]
  3867 | D:4      | Reached XP level 6. HP: 25/47 MP: 6/6
  4300 | D:4      | Found Launony's Jewellery Shop.
  4481 | D:4      | Found a staircase to the Ecumenical Temple.
  4503 | D:4      | Reached skill level 6 in Axes
  4947 | D:5      | Entered Level 5 of the Dungeon
  5003 | D:5      | Found a stormy altar of Qazlal.
  5032 | D:5      | Reached *** piety under Trog
  5728 | D:5      | Found an ancient bone altar of Kikubaaqudgha.
  5758 | D:5      | Gained mutation: You sometimes gain power by taking damage.
                  | [demonic ancestry]
  5758 | D:5      | Reached XP level 7. HP: 7/52 MP: 7/7
  6029 | D:5      | Identified the +8 trident "Keczit" {flame, Int+7}
  6344 | D:5      | Reached skill level 7 in Axes
  6810 | D:6      | Noticed Eustachio
  6814 | D:6      | Killed from afar by a white imp

Illustrated notes

Levels and vault maps discovered:
D:1:      dpeg_arrival_another_circle, layout_loops_ring,
          chequers_serial_rivers_micro_a
D:2:      layout_rooms, roderic_roman_lattice, nrook_loot_triangle,
          minmay_split_cup_large
D:3:      layout_rooms, hellmonk_ecumenical_altar_prayer_group, uniq_jessica
D:4:      minmay_wonky_spiral, layout_cave_pools, temple_pool_b, serial_shops,
          shop, kennysheep_generic_room_2
D:5:      layout_layer_cave, general_overflow_altar,
          nicolae_kikubaaqudgha_miasma_corner
D:6:      layout_cave_pools, uniq_eustachio

Skill      XL: |  1  2  3  4  5  6  7 |
---------------+----------------------+-----
Armour         | 2 |  2.3
Dodging        | 2 |  2.3
Axes           | 3 4 5 6 7 |  7.1
Fighting       | |  3.4

Action                   |  1- 3 |  4- 6 |  7- 9 || total
-------------------------+-------+-------+-------++-------
Melee: Hand axe          |   109 |    11 |       ||   120
       War axe           |       |   158 |    23 ||   181
       Kick              |       |    27 |     7 ||    34
Invok: Berserk           |     4 |     5 |       ||     9
  Use: Potion            |     1 |       |       ||     1
 Stab: Sleeping          |     2 |     3 |       ||     5
Armor: Animal skin       |    29 |    19 |     2 ||    50
Dodge: Dodged            |    75 |   134 |    18 ||   227

Table legend: (Time is in decaauts)
 A = Elapsed time spent in this place.
 B = Non-inter-level travel time spent in this place.
 C = Inter-level travel time spent in this place.
 D = Time resting spent in this place.
 E = Time spent auto-exploring this place.
 F = Levels seen in this place.
 G = Mean time per level.
                   A        B        C        D        E       F      G
               +--------+--------+--------+--------+--------+-----+--------+
         Total |   6949 |   6776 |    173 |   1140 |   4909 |   6 | 1158.2 |
       Dungeon |   6949 |   6776 |    173 |   1140 |   4909 |   6 | 1158.2 |
               +--------+--------+--------+--------+--------+-----+--------+

Top non-repeatable levels by time:
     D:5: 1879 daAuts
     D:1: 1338 daAuts
     D:2: 1297 daAuts
     D:3: 1243 daAuts
     D:4: 1182 daAuts
     D:6: 8 daAuts
